 Dungeon Crawl Stone Soup version 0.29-a0-322-g68df515428 (webtiles) character file.

Game seed: 3914948327861079708

4406 siradein the Gusty (level 10, -4/94 HPs)
             Began as a Yellow Draconian Air Elementalist on Apr 8, 2022.
             Was an Initiate of Hepliaklqana.
             Slain by an orc warlord
             ... wielding a +0 war axe
              (23 damage)
             ... in a bailey.
             The game lasted 00:27:35 (11085 turns).

siradein the Gusty (DrAE)                          Turns: 11085, Time: 00:27:35

Health: -4/94      AC:  8    Str: 12    XL:     10   Next: 14%
Magic:  4/19       EV: 14    Int: 23    God:    Hepliaklqana [......]
Gold:   416        SH:  5    Dex: 11    Spells: 13/21 levels left

rFire   + . .      SeeInvis .   D - +1 spear "Pofim" {drain, rF+ Int+4}
rCold   . . .      Faith    .   b - orb {light}
rNeg    + . .      Spirit   .   (body armour unavailable)
rPois   +          Reflect  +   (helmet restricted)
rElec   .          Harm     .   m - +0 cloak
rCorr   +          Rampage  .   (no gloves)
Will    .....                   (no boots)
Stlth   +.........              f - amulet of reflection
HPRegen 0.25/turn               w - ring of positive energy
MPRegen 0.16/turn               (no ring)

@: short of breath, glowing
A: spit acid, AC +7, unfitting armour, cold-blooded, acid resistance, poison
resistance, robust 1
a: Breathe Acid, Renounce Religion


You were in a bailey.
You worshipped Hepliaklqana.
Hepliaklqana was noncommittal.
You visited 2 branches of the dungeon, and saw 9 of its levels.
You also visited: Ossuary and Bailey.

You collected 472 gold pieces.
You spent 56 gold pieces at shops.

Inventory:

Hand Weapons
 i - the +2 hand axe "Amaeher" {vorpal, Str+3 Dex+3 SInv}
   (You found it on level 8 of the Dungeon)

   It inflicts extra damage upon your enemies.
   Str:       It affects your strength (+3).
   Dex:       It affects your dexterity (+3).
   SInv:      It lets you see invisible.
 D - the +1 spear "Pofim" (weapon) {drain, rF+ Int+4}
   (You found it on level 7 of the Dungeon)

   A truly terrible weapon, it drains the life of any living foe it strikes.
   Int:       It affects your intelligence (+4).
   rF:        It protects you from fire.
Missiles
 l - 2 throwing nets
Armour
 b - an orb of light (worn)
 m - a +0 cloak (worn)
Jewellery
 c - an amulet of the acrobat
 f - an amulet of reflection (around neck)
 w - a ring of positive energy (left hand)
Wands
 y - a wand of polymorph (7)
 C - a wand of flame (18)
Scrolls
 d - 3 scrolls of teleportation {unknown}
 g - a scroll of vulnerability {unknown}
 j - 2 scrolls of blinking {unknown}
 k - 3 scrolls of fog {unknown}
 o - 3 scrolls of silence {unknown}
 q - 4 scrolls of brand weapon {unknown}
 s - 2 scrolls of magic mapping {unknown}
 u - 2 scrolls of immolation {unknown}
Potions
 a - 4 potions of magic
 e - 2 potions of attraction
 h - 2 potions of brilliance
 n - 3 potions of lignification
 p - 3 potions of might
 r - 4 potions of curing
 t - 3 potions of heal wounds
 v - a potion of invisibility
 z - 2 potions of berserk rage {unknown}
 A - 3 potions of resistance {unknown}
 B - 2 potions of mutation


   Skills:
 + Level 7.1 Fighting
 + Level 6.3 Dodging
 - Level 1.7 Stealth
 + Level 6.3 Spellcasting
 + Level 6.6 Conjurations
 + Level 7.3 Air Magic


You had 13 spell levels left.
You knew the following spells:

 Your Spells              Type           Power      Damage    Failure   Level
a - Shock                 Conj/Air       100%       1d9       1%          1
b - Swiftness             Air            40%        N/A       1%          3
c - Airstrike             Air            20%        N/A       4%          4

Your spell library contained the following spells:

 Spells                   Type           Power      Damage    Failure   Level
 Static Discharge         Conj/Air       39%        N/A       1%          2
 Fulminant Prism          Conj/Hex       11%        3d9       22%         4
 Iskenderun's Mystic Bla  Conj/Tloc      22%        2d6       22%         4
 Lee's Rapid Deconstruct  Erth           3%         3d6*      92%         5


Dungeon Overview and Level Annotations

Branches:
Dungeon (8/15)             Temple (1/1) D:7         Ossuary (visited)
 Bailey (1/1)
   Lair: D:8-11

Altars:
Ashenzari
Cheibriados
Dithmenos
Elyvilon
Fedhas
Gozag
Hepliaklqana
Kikubaaqudgha
Makhleb
Nemelex Xobeh
Okawaru
Qazlal
Ru
Sif Muna
Trog
Uskayaw
Vehumet
Wu Jian
Xom
Yredelemnul
Zin
The Shining One

Shops:
D:4 *   D:8 *


Innate Abilities, Weirdness & Mutations

You can spit globs of acid.
Your golden yellow scales are hard. (AC +7)
You cannot fit into any form of body armour.
You are cold-blooded and may be slowed by cold attacks.
You are resistant to acid. (rCorr)
Your system is resistant to poisons. (rPois)
You are robust. (+10% HP)


Message History

Confirm with . or Enter, or press ? or * to list all spells.
Aiming: Airstrike (dangerous; 4% risk of failure)
Press: ? - help, Dir - move target, f/p - orc warlord
Aim: an orc warlord, wielding a +0 war axe and wearing a +0 scale mail (heavily wounded, haloed, empty space bonus: 7/8)
The air twists around and strikes the orc warlord!
The orc warlord is heavily wounded.
Unknown command.
Press: ? - help, Shift-Dir - straight line, f/p - orc warlord
Aim: an orc warlord, wielding a +0 war axe and wearing a +0 scale mail (heavily wounded, haloed, 81% to hit)
You spit a glob of acid.
The glob of acid hits the orc warlord!!
The orc warlord is severely wounded.
Unknown command.
Casting: Airstrike (dangerous; 4% risk of failure)
Confirm with . or Enter, or press ? or * to list all spells.
You don't have enough magic to cast this spell.
Unknown command.
Unknown command.
You hit the orc warlord. You drain the orc warlord.
The orc warlord is severely wounded.
The orc warlord misses you. The orc warlord barely misses you.
You hit the orc warlord but do no damage.
You drain the orc warlord.
The orc warlord is severely wounded.
The orc warlord hits you with a +0 war axe!!
* * * LOW HITPOINT WARNING * * *
You hit the orc warlord. You drain the orc warlord.
You tail-slap the orc warlord, but do no damage.
The orc warlord is almost dead.
You no longer feel sluggish.
The orc warlord hits you with a +0 war axe!
* * * LOW HITPOINT WARNING * * *
You feel much better. The orc warlord closely misses you.
You hit the orc warlord. You drain the orc warlord.
The orc warlord is almost dead.
The orc warlord hits you with a +0 war axe.
* * * LOW HITPOINT WARNING * * *
You barely miss the orc warlord.
The orc warlord is almost dead.
The orc warlord hits you with a +0 war axe!!
You die...

♣∩...≈≈≈.#≈....∩....≈#)≈≈≈...∩♣
♣♣...≈≈≈o#≈.........≈#.≈≈≈...♣♣
♣...≈≈≈.#≈≈.8...8.≈≈#.≈≈≈...♣
♣♣..###'###.......###'###..♣♣
♣.##....#≈.8...8.≈#....##.♣
♣##.....#≈≈≈≈≈≈≈≈≈#.....##♣
##......####≈≈≈####......##
#...8......#'''#......8...#
#........().o@............#
#.........................#
##..8..8...........8..8..##
##.......#######.......##
##.....## ##.....## ##...##
##...## ##### #####


You could see an orc warlord (drained).

Vanquished Creatures
  An orc knight (Bailey)
  5 slime creatures (D:7)
  2 sky beasts (D:6)
  2 ice beasts
  3 orc warriors
  3 black bears (D:6)
  An ogre (D:5)
  2 centaurs
  4 elf zombies (Ossuary)
  A bullfrog (D:7)
  A necrophage (D:5)
  2 scorpions
  A gnoll sergeant (D:7)
  12 killer bees
  A howler monkey (D:8)
  A centaur zombie (Ossuary)
  A jelly (D:6)
  4 human zombies (Ossuary)
  5 hounds
  An orc priest (D:5)
  An iguana (D:4)
  4 orc wizards
  2 mummies (Ossuary)
  5 gnolls
  2 adders
  A shadow imp (D:7)
  2 white imps
  An ufetubus (D:4)
  An adder zombie (Ossuary)
  3 dart slugs
  A worm (D:4)
  25 orcs
  4 endoplasms
  2 giant cockroaches
  5 goblins
  7 hobgoblins
  3 quokkas
  4 ball pythons
  5 bats
  4 frilled lizards
  A goblin zombie (D:7)
  8 hobgoblin zombies (Ossuary)
  A jackal zombie (Ossuary)
  25 kobolds
  6 kobold zombies (Ossuary)
  10 orc zombies (Ossuary)
  3 rats
  3 rat zombies
192 creatures vanquished.

Notes
Turn   | Place    | Note
-------+----------+-------------------------------------------
     0 | D:1      | siradein the Draconian Air Elementalist began the quest for
                  | the Orb.
     0 | D:1      | Reached XP level 1. HP: 14/14 MP: 3/3
   290 | D:1      | Found a faded altar of an unknown god.
   751 | D:1      | Reached XP level 2. HP: 22/22 MP: 3/5
   776 | D:1      | Found Dizxeeri's Jewellery Shoppe.
  1915 | D:2      | Reached skill level 1 in Fighting
  2280 | D:2      | Reached XP level 3. HP: 28/28 MP: 2/6
  2393 | D:2      | Gained mutation: You occasionally shout uncontrollably at
                  | your foes. [potion of mutation]
  2393 | D:2      | Gained mutation: You are frail. (-10% HP) [potion of
                  | mutation]
  2393 | D:2      | Lost mutation: You occasionally shout uncontrollably at
                  | your foes. [potion of mutation]
  2393 | D:2      | Gained mutation: You are agile. (Dex +2) [potion of
                  | mutation]
  2394 | D:2      | Lost mutation: You are frail. (-10% HP) [potion of
                  | mutation]
  2394 | D:2      | Lost mutation: You are agile. (Dex +2) [potion of mutation]
  2394 | D:2      | Gained mutation: You are robust. (+10% HP) [potion of
                  | mutation]
  2394 | D:2      | Gained mutation: Your system is resistant to poisons.
                  | (rPois) [potion of mutation]
  3299 | D:4      | Learned a level 3 spell: Swiftness
  3399 | D:4      | Reached XP level 4. HP: 37/38 MP: 4/7
  3969 | D:4      | Found Puil's Assorted Antiques.
  3977 | D:4      | Bought a scroll of identify for 56 gold pieces
  4282 | D:4      | Noticed a scorpion
  4288 | D:4      | Killed a scorpion
  4289 | D:4      | Reached XP level 5. HP: 45/45 MP: 3/9
  4418 | D:5      | Entered Level 5 of the Dungeon
  4603 | D:5      | Noticed an ogre
  4627 | D:4      | Reached XP level 6. HP: 52/55 MP: 3/10
  5717 | D:5      | Your scales start taking on a golden yellow colour.
  5717 | D:5      | Reached XP level 7. HP: 58/62 MP: 12/12
  5717 | D:5      | Gained mutation: You are resistant to acid. (rCorr) [Yellow
                  | Draconian growth]
  5722 | D:5      | Learned a level 4 spell: Airstrike
  6114 | D:6      | Reached skill level 5 in Air Magic
  6114 | D:6      | Reached XP level 8. HP: 71/72 MP: 14/14
  7185 | D:7      | Reached skill level 5 in Fighting
  7395 | D:7      | Reached skill level 5 in Conjurations
  7401 | D:7      | Reached skill level 5 in Dodging
  7401 | D:7      | Reached skill level 5 in Spellcasting
  7416 | D:7      | Found a sand-covered staircase.
  7483 | Ossuary  | Entered an ossuary
  8062 | Ossuary  | Reached XP level 9. HP: 81/81 MP: 5/16
  8559 | D:7      | Found a staircase to the Ecumenical Temple.
  8584 | Temple   | Entered the Ecumenical Temple
  8660 | Temple   | Became a worshipper of Hepliaklqana the Forgotten
  9045 | D:7      | Found an ancient bone altar of Kikubaaqudgha.
  9138 | D:7      | Identified the +1 spear "Pofim" {drain, rF+ Int+4}
 10154 | D:8      | Found Wont's Assorted Antiques.
 10286 | D:8      | Found a flagged portal.
 10295 | D:8      | Identified the +2 hand axe "Amaeher" {vorpal, Str+3 Dex+3
                  | SInv}
 10303 | Bailey   | Entered a bailey
 10465 | Bailey   | Noticed an orc warlord
 10539 | Bailey   | Noticed an orc knight
 10552 | Bailey   | Reached XP level 10. HP: 89/92 MP: 17/19
 10563 | Bailey   | Killed an orc knight
 10725 | Bailey   | Found a runed translucent gate.
 10728 | Bailey   | Found a runed translucent gate.
 10729 | Bailey   | Found a runed translucent gate.
 11082 | Bailey   | HP: 3/94 [orc warlord/+0 war axe (15)]
 11085 | Bailey   | Slain by an orc warlord

Illustrated notes

Levels and vault maps discovered:
D:1:      nicolae_arrival_somewhat_less_tricky_arrival, layout_basic,
          serial_shops, shop, basic_ecumenical_altar
D:2:      layout_loops_ring
D:3:      layout_loops_cross
D:4:      layout_gridville, serial_shops, nicolae_square_shop
D:5:      layout_basic
D:6:      layout_basic
D:7:      layout_layer_cave, mainiacjoe_overflow_alcove_1, temple_pool_b,
          enter_ossuary_4, roderic_lattice_a
D:8:      layout_loops_ring, enter_bailey_2, serial_shops, shop,
          kennysheep_small_square, uniq_prince_ribbit1
Temple:   compressed_dpeg_triangle_lava_temple
Bailey:   bailey_axe_bossmonster_kennysheep, bailey

Skill      XL: |  1  2  3  4  5  6  7  8  9 10 |
---------------+-------------------------------+-----
Dodging        | 2 3 4 5 6 |  6.3
Fighting       | 1 2 3 4 5 6 7 |  7.1
Conjurations   | 2 3 4 5 6 |  6.6
Spellcasting   | 3 4 5 6 |  6.3
Air Magic      | 4 5 6 7 |  7.3
Stealth        | |  1.7

Action                   |  1- 3 |  4- 6 |  7- 9 | 10-12 || total
-------------------------+-------+-------+-------+-------++-------
Melee: Short sword       |    18 |    64 |   130 |       ||   212
       Unarmed           |     2 |       |       |       ||     2
       Tailslap          |     1 |    11 |    37 |     8 ||    57
       Spear             |       |       |    42 |    30 ||    72
       Hand axe          |       |       |     1 |       ||     1
 Cast: Shock             |    79 |    66 |   217 |     5 ||   367
       Airstrike         |       |       |       |     9 ||     9
       Swiftness         |       |       |       |     1 ||     1
 Abil: Breathe Acid      |       |       |    26 |     2 ||    28
  Use: Scroll            |     3 |     1 |     4 |       ||     8
       Potion            |     2 |       |       |     1 ||     3
Armor: Skin              |     9 |    21 |    74 |     3 ||   107
Dodge: Dodged            |    17 |    37 |   147 |    15 ||   216
Block: Orb               |     6 |    12 |    60 |     4 ||    82
       Reflection        |       |     1 |     2 |       ||     3

Table legend: (Time is in decaauts)
 A = Elapsed time spent in this place.
 B = Non-inter-level travel time spent in this place.
 C = Inter-level travel time spent in this place.
 D = Time resting spent in this place.
 E = Time spent auto-exploring this place.
 F = Levels seen in this place.
 G = Mean time per level.
                   A        B        C        D        E       F      G
               +--------+--------+--------+--------+--------+-----+--------+
         Total |  11122 |  10908 |    214 |    474 |   8471 |  11 | 1011.1 |
       Dungeon |   9293 |   9079 |    214 |    225 |   7505 |   8 | 1161.6 |
        Temple |     91 |     91 |      0 |      0 |     49 |   1 |   91.0 |
       Ossuary |    948 |    948 |      0 |     12 |    598 |   1 |  948.0 |
        Bailey |    789 |    789 |      0 |    237 |    318 |   1 |  789.0 |
               +--------+--------+--------+--------+--------+-----+--------+

Top non-repeatable levels by time:
     D:7: 2015 daAuts
     D:1: 1494 daAuts
     D:4: 1340 daAuts
     D:5: 1277 daAuts
     D:6: 1215 daAuts
     D:2: 983 daAuts
 Ossuary: 948 daAuts
     D:3: 817 daAuts
  Bailey: 789 daAuts
     D:8: 149 daAuts
  Temple: 91 daAuts
